 Dungeon Crawl Stone Soup version 0.31-a0-844-gdc52ec4e09 (webtiles) character file.

Game seed: 11638581203068215924

2435 arglypuff the Magician (level 9, -5/70 HPs)
             Began as a Black Draconian Hedge Wizard on Sept 30, 2023.
             Was a Follower of Qazlal.
             Slain by a hornet (13 damage)
             ... on level 8 of the Dungeon on Oct 1, 2023.
             The game lasted 00:27:52 (8427 turns).

arglypuff the Magician (DrHW)                       Turns: 8427, Time: 00:27:52

Health: -5/70      AC: 11    Str: 14    XL:     9   Next: 24%
Magic:  16/18      EV: 13    Int: 21    God:    Qazlal [*.....]
Gold:   156        SH:  1    Dex: 11    Spells: 11/21 levels left

rFire   . . .        E - +3 mace (elec)
rCold   . . .        h - orb {guile}
rNeg    . . .        (body armour unavailable)
rPois   .            b - +0 hat
rElec   +            (no cloak)
rCorr   .            m - +1 pair of gloves
SInv    .            e - +1 pair of boots
Will    .....        (no amulet)
Stlth   ++           o - +4 ring of slaying
HPRegen 0.31/turn    A - ring of the Leaping Coward {Will+ Int+4}
MPRegen 0.16/turn

%: no passive effects
@: lethally poisoned (-5 -> -24), slowed, very slow
A: breathe lightning, AC +7, unfitting armour, electricity resistance,
cold-blooded
a: Breathe Lightning, Renounce Religion


You were on level 8 of the Dungeon.
You worshipped Qazlal.
Qazlal was aware of your devotion.
You visited 2 branches of the dungeon, and saw 9 of its levels.

You collected 304 gold pieces.
You spent 148 gold pieces at shops.

Inventory:

Hand Weapons
 a - a +0 dagger
 E - a +3 mace of electrocution (weapon)
Missiles
 t - a throwing net
Armour
 b - a +0 hat (worn)
 e - a +1 pair of boots (worn)
 h - an orb of guile (worn)
 m - a +1 pair of gloves (worn)
Jewellery
 d - a ring of flight
 l - an amulet of regeneration
 o - a +4 ring of slaying (left hand)
 A - the ring of the Leaping Coward (right hand) {Will+ Int+4}
   (You took it off a hobgoblin on level 4 of the Dungeon)

   [ring of willpower]

   Int+4:     It affects your intelligence (+4).
   Will+:     It increases your willpower.
 C - an amulet of faith
Wands
 k - a wand of flame (9)
 s - a wand of polymorph (9)
Scrolls
 i - 3 scrolls of teleportation
 j - 5 scrolls of identify
 D - 3 scrolls of blinking
Potions
 c - 2 potions of magic
 f - 5 potions of haste {unknown}
 g - 8 potions of curing {unknown}
 n - a potion of cancellation {unknown}
 p - a potion of might {unknown}
 r - 2 potions of ambrosia {unknown}
 u - a potion of heal wounds {unknown}
 v - a potion of lignification {unknown}
 z - a potion of enlightenment {unknown}
 B - a potion of attraction {unknown}
 G - a potion of mutation {unknown}


   Skills:
 + Level 3.5 Fighting
 + Level 2.3 Short Blades
 + Level 4.9 Maces & Flails
 + Level 4.6 Dodging
 + Level 3.3 Stealth
 + Level 6.5 Spellcasting
 + Level 5.0 Conjurations
 + Level 0.2 Hexes
 + Level 3.3 Summonings
 + Level 1.2 Translocations


You had 11 spell levels left.
You knew the following spells:

 Your Spells              Type           Power      Damage    Failure   Level
a - Magic Dart            Conj           100%       1d8       1%          1
b - Slow                  Hex            32%        N/A       9%          1
c - Blink                 Tloc           24%        N/A       9%          2
d - Call Imp              Summ           40%        N/A       3%          2
e - Manifold Assault      Tloc           12%        N/A       47%         4

Your spell library contained the following spells:

 Spells                   Type           Power      Damage    Failure   Level
 Stone Arrow              Conj/Erth      34%        3d9       10%         3
 Cigotuvi's Dreadful Rot  Necr/Pois/Air  12%        N/A       14%         2
 Mephitic Cloud           Conj/Pois/Air  13%        N/A       14%         3
 Confusing Touch          Hex            8%         N/A       26%         3
 Sigil of Binding         Hex            8%         N/A       26%         3
 Ignite Poison            Fire/Tmut/Pois 6%         N/A       28%         3
 Vampiric Draining        Necr           6%         2d6       28%         3
 Freezing Cloud           Conj/Ice/Air   6%         6-21      78%         5
 Dispersal                Tloc           6%         N/A       100%        6
 Disjunction              Tloc           6%         N/A       100%        8
 Lehudib's Crystal Spear  Conj/Erth      8%         10d4      100%        8
 Animate Armour           Summ/Erth      Unusable   N/A       N/A         4

Dungeon Overview and Level Annotations

Branches:
Dungeon (8/15)             Temple (1/1) D:5
   Lair: D:8-11

Altars:
Ashenzari
Cheibriados
Dithmenos
Fedhas
Gozag
Hepliaklqana
Makhleb
Nemelex Xobeh
Qazlal
Ru
Sif Muna
Trog
Uskayaw
Vehumet
Wu Jian
Yredelemnul
Zin
The Shining One

Shops:
D:2 (   D:5 [:

Annotations:
D:7 exclusion: oklob plant


Innate Abilities, Weirdness & Mutations

You can breathe wild blasts of lightning.
Your glossy black scales are hard. (AC +7)
You cannot fit into any form of body armour.
You are resistant to electric shocks. (rElec)
You are cold-blooded and may be slowed by cold attacks.


Message History

The hornet closely misses you.
You miss the hornet. The hornet stings you.
You are poisoned.
You suddenly lose the ability to move!
You feel very sick. The hornet stings you!
You feel yourself slow down.
The hornet stings you but does no damage.
You feel yourself speed up.
You feel sick. The hornet barely misses you.
You can move again.
Unknown command.
You barely miss the hornet.
You feel sick. The hornet closely misses you. The hornet stings you.
You are more poisoned.
You feel yourself slow down.
You hit the hornet.
The hornet is lightly wounded.
You feel very sick. The hornet misses you. The hornet stings you.
You are more poisoned.
You feel as though you will be slow longer.
The hornet stings you.
You feel as though you will be slow longer.
You hit the hornet.
You tail-slap the hornet, but do no damage.
The hornet is moderately wounded.
You feel extremely sick. The hornet stings you.
You feel as though you will be slow longer.
The hornet misses you.
Casting: Call Imp (safe; 3% risk of failure)
Confirm with . or Enter, or press ? or * to list all spells.
A tiny devil pulls itself out of the air.
You feel very sick. The hornet stings you!
* * * LOW HITPOINT WARNING * * *
You are more poisoned.
You feel as though you will be slow longer.
The hornet barely misses you. The hornet stings you!
You die...

.............# #.
..##.#####.###.# #.#.#
#.#####.###.# #.#.# #............
.#.# #. ####.....# ### ##...# #.
#..#### . #.. ..#..# # #..# . #.#
#.#y.# #. #..# ...#.# #.#@§# #.
#..# #..#.#
####.#..#####.###..#### ...#.#
#......5......)........
...#.######.##...###.##.##.#.####
......................>.##.#.####
#.##.#####.###..###..#...........
..##.#####.# #..# #.....##.#.###.
...........# #..###..##.##.#.# #.
.###.#########..... .....#†###.


You could see a hornet (ally target) and a friendly cerulean imp (summoned).

Vanquished Creatures
  4 yaks (D:8)
  A black bear (D:4)
  2 sky beasts (D:7)
  An ice beast (D:6)
  2 phantoms
  3 bullfrogs
  3 wights (D:7)
  2 howler monkeys
  5 hounds
  An orc priest (D:5)
  6 iguanas
  4 orc wizards
  Natasha (D:3)
  5 gnolls
  6 adders
  A shadow imp (D:5)
  2 white imps (D:6)
  3 ufetubi (D:5)
  3 worms
  A dart slug (D:1)
  17 orcs
  6 bats
  9 endoplasms
  2 giant cockroaches
  8 goblins
  10 hobgoblins
  5 jackals
  2 quokkas
  3 ball pythons
  4 frilled lizards
  7 kobolds
  3 rats
132 creatures vanquished.

Vanquished Creatures (collateral kills)
  An ice beast (D:5)
  A scorpion (D:5)
  An iguana (D:4)
  Natasha (twice) (D:2 D:3)
  3 gnolls
  5 orcs
  2 endoplasms (D:3)
  A goblin (D:4)
16 creatures vanquished.

Grand Total: 148 creatures vanquished

Notes
Turn   | Place    | Note
-------+----------+-------------------------------------------
     0 | D:1      | arglypuff the Draconian Hedge Wizard began the quest for
                  | the Orb.
     0 | D:1      | Reached XP level 1. HP: 14/14 MP: 4/4
   281 | D:1      | Learned a level 1 spell: Slow
   333 | D:1      | Reached XP level 2. HP: 20/20 MP: 0/6
  1205 | D:2      | Reached XP level 3. HP: 26/26 MP: 5/8
  1867 | D:2      | Found Aga Mus's Weapon Emporium.
  2044 | D:2      | Noticed Natasha
  2049 | D:2      | Learned a level 2 spell: Blink
  2052 | D:2      | Learned a level 2 spell: Call Imp
  2072 | D:2      | Killed Natasha
  2073 | D:2      | Reached XP level 4. HP: 14/33 MP: 7/9
  2171 | D:2      | Noticed Natasha
  2832 | D:3      | Killed Natasha
  3000 | D:3      | Reached skill level 4 in Spellcasting
  3113 | D:3      | Reached XP level 5. HP: 34/39 MP: 0/11
  3373 | D:3      | Noticed Natasha
  3381 | D:3      | Killed Natasha
  3521 | D:3      | Reached skill level 1 in Fighting
  4076 | D:4      | Reached XP level 6. HP: 39/47 MP: 3/12
  4081 | D:4      | Reached skill level 1 in Short Blades
  4428 | D:4      | Learned a level 4 spell: Manifold Assault
  4606 | D:4      | Identified the ring of the Leaping Coward {Will+ Int+4}
  4796 | D:5      | Entered Level 5 of the Dungeon
  4956 | D:5      | Noticed an ice beast
  4970 | D:5      | Killed an ice beast
  4971 | D:5      | Reached skill level 5 in Spellcasting
  4971 | D:5      | Your scales start taking on a glossy black colour.
  4971 | D:5      | Reached XP level 7. HP: 29/53 MP: 1/14
  4971 | D:5      | Gained mutation: You are resistant to electric shocks.
                  | (rElec) [Black Draconian growth]
  5261 | D:5      | HP: 1/53 [orc priest/+1 mace of protection (7)]
  5477 | D:5      | Found a staircase to the Ecumenical Temple.
  5482 | Temple   | Entered the Ecumenical Temple
  5487 | Temple   | Became a worshipper of Qazlal Stormbringer
  5566 | D:5      | Found Hotsank's Tiny Tomes.
  5650 | D:5      | Found a hide-covered altar of Uskayaw.
  5822 | D:5      | Found Hiquidog's Antique Armour Shoppe.
  5855 | D:5      | Bought a pair of gloves for 148 gold pieces
  6515 | D:6      | Reached XP level 8. HP: 47/61 MP: 2/16
  6675 | D:6      | Reached skill level 1 in Maces & Flails
  6714 | D:6      | Reached skill level 6 in Spellcasting
  6834 | D:6      | Reached * piety under Qazlal
  6992 | D:6      | Found a hazy altar of Hepliaklqana.
  7747 | D:7      | Found a blossoming altar of Fedhas.
  7759 | D:7      | Noticed an oklob plant
  8223 | D:8      | Reached XP level 9. HP: 57/70 MP: 16/18
  8227 | D:8      | Reached skill level 5 in Conjurations
  8393 | D:8      | Found a shadowy altar of Dithmenos.
  8421 | D:8      | Paralysed by a hornet for 3 turns
  8427 | D:8      | Slain by a hornet

Illustrated notes

Levels and vault maps discovered:
D:1:      dpeg_arrival_round_c, layout_rooms, skrybe_limestone_x
D:2:      layout_loops_ring, serial_shops, nicolae_shop_peninsula,
          minmay_misc_feat_ornament, uniq_natasha
D:3:      layout_rooms, columned_hall_lemuel, minmay_three_crescents
D:4:      layout_rooms
D:5:      layout_basic, nicolae_uskayaw_dance_hall, minmay_temple_entry_arrows,
          serial_shops, shop, nicolae_shop_i_like_small_books_too,
          nicolae_elevator_lobby_plus
D:6:      layout_basic, kennysheep_mini_moat, hangedman_decor_clover_reticule,
          chequers_garden
D:7:      layout_basic, tgw_fedhas
D:8:      layout_loops_ring, mainiacjoe_overflow_catch_the_wave
Temple:   nicolae_temple_ecumenical_triangle

Skill      XL: |  1  2  3  4  5  6  7  8  9 |
---------------+----------------------------+-----
Stealth        | 2 3 |  3.3
Dodging        | 2 3 4 |  4.6
Conjurations   | 2 3 4 5 |  5.0
Spellcasting   | 4 5 6 |  6.5
Fighting       | 1 2 3 |  3.5
Short Blades   | 1 2 |  2.3
Summonings     | 2 3 |  3.3
Maces & Flails | 4 |  4.9
Hexes          | |  0.2
Translocations | |  1.2

Action                     |  1- 3 |  4- 6 |  7- 9 || total
---------------------------+-------+-------+-------++-------
  Melee: Dagger            |    98 |    74 |    29 ||   201
         Tailslap          |    13 |    10 |    28 ||    51
         Unarmed           |     1 |       |       ||     1
         Mace              |       |       |   119 ||   119
   Cast: Magic Dart        |    88 |   123 |    64 ||   275
         Slow              |     7 |     1 |       ||     8
         Call Imp          |     1 |    17 |    13 ||    31
         Blink             |       |     3 |     1 ||     4
Ability: Breathe Lightning |       |       |     6 ||     6
    Use: Scroll            |       |       |    14 ||    14
   Stab: Distracted        |       |     2 |     1 ||     3
 Armour: Skin              |    72 |    84 |   134 ||   290
  Dodge: Dodged            |    91 |    90 |   101 ||   282
  Block: Orb               |       |       |     3 ||     3

Table legend: (Time is in decaauts)
 A = Elapsed time spent in this place.
 B = Non-inter-level travel time spent in this place.
 C = Inter-level travel time spent in this place.
 D = Time resting spent in this place.
 E = Time spent auto-exploring this place.
 F = Levels seen in this place.
 G = Mean time per level.
                   A        B        C        D        E       F      G
               +--------+--------+--------+--------+--------+-----+--------+
         Total |   8461 |   8188 |    273 |    184 |   6579 |   9 |  940.1 |
       Dungeon |   8451 |   8184 |    267 |    184 |   6579 |   8 | 1056.4 |
        Temple |     10 |      5 |      5 |      0 |      0 |   1 |   10.0 |
               +--------+--------+--------+--------+--------+-----+--------+

Top non-repeatable levels by time:
     D:5: 1637 daAuts
     D:2: 1474 daAuts
     D:3: 1319 daAuts
     D:1: 1126 daAuts
     D:6: 872 daAuts
     D:4: 871 daAuts
     D:7: 866 daAuts
     D:8: 283 daAuts
  Temple: 10 daAuts
